Match 41210361
Unlisted

Match 41210361
End
Construct Barracks
Riflemen Squad
M1 Mortar Team
Riflemen Squad
Grenade Package
Construct Weapon Support Center
M1919 Machine Gun Team
Mechanized Support Center
Riflemen Squad
Construct Medical Station
M3 Armored Personnel Carrier
Selects Advanced Infantry Battlegroup
Engineer Squad
Selects Artillery Observers
Selects M2A1 105mm Howitzer Emplacement
Construct Tank Depot
M4A1 Sherman Medium Tank
Geoker81
Kh4ito
ryper59
Captain Conan ✠ ✠
MongoloAgresiovo
Sunser
0
0

Comments sign in to comment!

No comments posted yet!